 Dungeon Crawl Stone Soup version 0.32-a0-918-g0f22ef8d61 (webtiles) character file.

Game seed: 14223536796610361358

4141 Doorstop00 the Basher (level 10, -8/61 HPs)
             Began as a Gargoyle Fighter on Apr 9, 2024.
             Was a Follower of the Shining One.
             Mangled by a white ugly thing (30 damage)
             ... on level 9 of the Dungeon on Apr 10, 2024.
             The game lasted 00:33:02 (6966 turns).

Doorstop00 the Basher (Gargoyle Fighter)            Turns: 6966, Time: 00:33:03

Health: -8/61      AC: 25    Str: 24    XL:     10   Next: 27%
Magic:  8/10       EV: 11    Int:  9    God:    the Shining One [*.....]
Gold:   336        SH: 10    Dex:  9    Spells: 9/9 levels left

rFire   . . .        o - +5 flail
rCold   . . .        c - +0 buckler
rNeg    + . .        q - +0 plate armour
rPois   ∞            (no helmet)
rElec   +            (no cloak)
rCorr   .            n - +0 pair of gloves
SInv    .            w - +2 pair of boots
Will    .....        p - amulet of the acrobat Stlth
                     l - +5 ring of evasion
HPRegen 0.30/turn    (no ring)
MPRegen 0.12/turn

%: acrobat
@: divinely shielded, glowing
A: sickness immunity, AC +7, negative energy resistance 1, electricity
resistance, torment resistance 1, petrification resistance
a: Renounce Religion, Divine Shield


You were on level 9 of the Dungeon.
You worshipped the Shining One.
The Shining One was aware of your devotion.
You visited 1 branch of the dungeon, and saw 9 of its levels.

You collected 461 gold pieces.
You spent 125 gold pieces at shops.

Inventory:

Hand Weapons
 o - a +5 flail (weapon)
 C - a +0 flail of protection
Missiles
 j - 4 silver javelins (quivered)
Armour
 c - a +0 buckler (worn)
 n - a +0 pair of gloves (worn)
 q - a +0 plate armour (worn)
 w - a +2 pair of boots (worn)
Jewellery
 l - a +5 ring of evasion (left hand)
 p - an amulet of the acrobat (around neck)
 r - a ring of magical power
Wands
 a - a wand of flame (11)
 d - a wand of warping (14)
 x - a wand of light (8)
 B - a wand of paralysis (10)
Scrolls
 b - 2 scrolls of amnesia
 i - a scroll of torment {unknown}
 m - 5 scrolls of enchant armour
 s - 2 scrolls of teleportation
 t - 2 scrolls of immolation {unknown}
 y - 2 scrolls of blinking
Potions
 e - 2 potions of cancellation
 f - 3 potions of lignification
 g - a potion of enlightenment {unknown}
 h - 4 potions of heal wounds
 k - 4 potions of curing
 u - 2 potions of brilliance
 v - 2 potions of mutation
 z - 2 potions of might


   Skills:
 * Level 6.7 Fighting
 * Level 10.2 Maces & Flails
 * Level 7.5 Armour
 * Level 3.8 Dodging
 * Level 6.3 Shields


You had 9 spell levels left.
You didn't know any spells.
Your spell library contained the following spells:

 Spells                   Type           Power      Damage    Failure   Level
 Sting                    Conj/Alch      0%         1d3       99%         1
 Mercury Vapours          Alch/Air       0%         N/A       100%        2
 Olgreb's Toxic Radiance  Alch           0%         N/A       100%        4


Dungeon Overview and Level Annotations

Branches:
Dungeon (9/15)             Temple (0/1) D:7
   Lair: D:8-11         Orc: D:9-12

Altars:
Ashenzari
Elyvilon
Fedhas
Kikubaaqudgha
Nemelex Xobeh
Okawaru
Ru
Sif Muna
Trog
Uskayaw
Vehumet
Wu Jian
Xom
The Shining One

Shops:
D:2 **==   D:3 [*!*   D:4 *


Innate Abilities, Weirdness & Mutations

You are immune to sickness and miasma.
Your stone body is resilient. (AC +7)
You are immune to poison.
You resist negative energy. (rN+)
You are resistant to electric shocks. (rElec)
You are resistant to unholy torment.
You are immune to petrification.


Message History

HP restored.
You climb upwards.
The white ugly thing completely misses you.
There is a stone staircase leading down here.
You block the white ugly thing's attack.
The orc priest hits you with a +0 club.
You climb downwards.
There is a stone staircase leading up here.
Your shield is strengthened by the Shining One's divine power.
You block the white ugly thing's attack.
The orc priest barely misses you.
The white ugly thing pecks you but does no damage.
You block the orc priest's attack.
You sock the white ugly thing!
The white ugly thing is lightly wounded.
The white ugly thing misses you.
The orc priest casts a cantrip, but nothing happens.
You hit the white ugly thing.
The white ugly thing is moderately wounded.
The white ugly thing pecks you! The white ugly thing freezes you!!
You thump the white ugly thing!
The white ugly thing is heavily wounded.
The orc priest hits you but does no damage.
The white ugly thing barely misses you.
You sock the white ugly thing!
The white ugly thing is heavily wounded.
You block the orc priest's attack.
You block the white ugly thing's attack.
You hit the white ugly thing.
The white ugly thing is heavily wounded.
You block the orc priest's attack.
The white ugly thing closely misses you.
You sock the white ugly thing!
The white ugly thing is severely wounded.
The orc priest closely misses you. The white ugly thing barely misses you.
You hit the white ugly thing.
The white ugly thing is severely wounded.
The orc priest hits you but does no damage.
The white ugly thing pecks you! The white ugly thing freezes you!!
You die...

#####.####
#<@.......
#..)ou.......
.....#..###.###.
.... #..P .. ###
.... ... P...P.
.. ....P.. .


..PPPPP.P You could see a white ugly thing and an orc priest.

Vanquished Creatures
  A two-headed ogre (D:9)
  Sigmund (D:4)
  Duvessa (D:4)
  Edmund (D:5)
  A water moccasin (D:6)
  3 black bears
  3 ice beasts (D:6)
  A sky beast (D:6)
  A hornet zombie (D:7)
  An ogre (D:6)
  A kobold brigand (D:3)
  Blork the orc (D:5)
  2 phantoms
  2 scorpions (D:4)
  A bullfrog (D:6)
  A wyvern zombie (D:7)
  2 gnoll sergeants
  10 wights (D:6)
  Dowan (D:4)
  3 howler monkeys
  2 centaur zombies (D:7)
  2 jellies
  4 hounds
  2 iguanas
  3 orc wizards
  A sleepcap (D:6)
  A killer bee zombie (D:7)
  33 gnolls
  5 adders
  A shadow imp (D:6)
  2 white imps
  2 ufetubi (D:6)
  5 dart slugs
  25 orcs
  3 endoplasms
  5 goblins
  5 hobgoblins
  22 jackals
  7 kobolds
  9 ball pythons
  3 bats
  4 frilled lizards
  2 rats
186 creatures vanquished.

Notes
Turn   | Place    | Note
-------+----------+-------------------------------------------
     0 | D:1      | Doorstop00 the Gargoyle Fighter began the quest for the
                  | Orb.
     0 | D:1      | Reached XP level 1. HP: 14/14 MP: 1/1
   117 | D:1      | Reached XP level 2. HP: 11/19 MP: 2/2
   503 | D:1      | Reached XP level 3. HP: 24/24 MP: 3/3
   891 | D:2      | Found Jysse's General Store.
  1025 | D:2      | Found Qiskuiv's Jewellery Shoppe.
  1083 | D:2      | Found Kadiusep's Jewellery Shoppe.
  1345 | D:2      | Found Elan's General Store.
  1353 | D:2      | Bought a scroll of identify for 24 gold pieces
  1353 | D:2      | Bought a scroll of enchant armour for 90 gold pieces
  1623 | D:3      | Found Leum's General Store.
  1691 | D:3      | Reached XP level 4. HP: 29/29 MP: 4/4
  1724 | D:3      | Reached skill level 3 in Maces & Flails
  1840 | D:3      | Found Hatac's Assorted Antiques.
  1869 | D:3      | Found Booguc's Antique Armour Emporium.
  1895 | D:3      | Found Vaufusee's Distillery.
  1905 | D:3      | Bought a potion of degeneration for 11 gold pieces
  1927 | D:3      | Found a shimmering altar of Xom.
  1928 | D:3      | Found a shimmering altar of Xom.
  2223 | D:3      | Reached XP level 5. HP: 33/33 MP: 5/5
  2252 | D:3      | Reached skill level 1 in Dodging
  2349 | D:3      | Noticed a kobold brigand
  2383 | D:3      | Killed a kobold brigand
  2384 | D:3      | Reached skill level 4 in Maces & Flails
  2384 | D:3      | Reached XP level 6. HP: 29/38 MP: 6/6
  2926 | D:3      | Reached XP level 7. HP: 23/44 MP: 7/7
  2931 | D:3      | Reached skill level 5 in Maces & Flails
  3362 | D:4      | Found a blossoming altar of Fedhas.
  3370 | D:4      | Found a radiant altar of Vehumet.
  3372 | D:4      | Found a hide-covered altar of Uskayaw.
  3373 | D:4      | Found a white marble altar of Elyvilon.
  3373 | D:4      | Found a shimmering blue altar of Sif Muna.
  3382 | D:4      | Found an ornate altar of the Wu Jian Council.
  3382 | D:4      | Found a bloodstained altar of Trog.
  3720 | D:4      | Found an ancient bone altar of Kikubaaqudgha.
  3720 | D:4      | Noticed Duvessa
  3720 | D:4      | Noticed Dowan
  3747 | D:4      | Killed Duvessa
  3748 | D:4      | Reached skill level 5 in Armour
  3749 | D:4      | Found Teatoroed's Overcharged Wands.
  3760 | D:4      | Killed Dowan
  3888 | D:4      | Found a sacrificial altar of Ru.
  3911 | D:4      | Reached skill level 6 in Maces & Flails
  4027 | D:4      | Noticed Sigmund
  4033 | D:4      | Reached XP level 8. HP: 36/48 MP: 8/8
  4038 | D:4      | Killed Sigmund
  4039 | D:4      | Reached skill level 5 in Fighting
  4334 | D:5      | Entered Level 5 of the Dungeon
  4742 | D:5      | Noticed Edmund
  4763 | D:5      | Killed Edmund
  4764 | D:5      | Reached skill level 7 in Maces & Flails
  4794 | D:5      | Noticed Blork the orc
  4799 | D:5      | Reached skill level 5 in Shields
  4811 | D:5      | Killed Blork the orc
  4818 | D:5      | Found a broken altar of Ashenzari.
  5159 | D:6      | Reached XP level 9. HP: 54/55 MP: 9/9
  5266 | D:6      | Identified the +0 robe of Uskayaw's Anger {Int+4}
  5288 | D:6      | Reached skill level 8 in Maces & Flails
  5688 | D:6      | Reached skill level 9 in Maces & Flails
  5695 | D:6      | Found a sparkling altar of Nemelex Xobeh.
  5744 | D:6      | Found a glowing golden altar of the Shining One.
  5753 | D:6      | Became a worshipper of the Shining One
  5754 | D:6      | Upgraded the game from 0.32-a0-913-g739538afd8 to
                  | 0.32-a0-918-g0f22ef8d61
  6107 | D:7      | Reached * piety under the Shining One
  6132 | D:6      | Reached XP level 10. HP: 57/61 MP: 10/10
  6304 | D:7      | Found a staircase to the Ecumenical Temple.
  6355 | D:7      | Found an iron altar of Okawaru.
  6842 | D:8      | Noticed a two-headed ogre
  6847 | D:8      | Noticed a white ugly thing
  6860 | D:9      | Killed a two-headed ogre
  6861 | D:9      | Reached skill level 10 in Maces & Flails
  6966 | D:9      | Mangled by a white ugly thing

Illustrated notes

Levels and vault maps discovered:
D:1:      grunt_arrival_lava_bath, layout_basic
D:2:      layout_basic, serial_shops, nicolae_shop_hallway_plus, shop, shop,
          shop, moated_statue, hangedman_decor_riveting
D:3:      lemuel_castle_with_subvaults [lemuel_castle_interior_carwin_2],
          layout_loops_ring, xom_redecorated, serial_shops, shop, shop, shop,
          nicolae_shop_tiny_real_fake_doors
D:4:      layout_basic, fedhas_altar_2, kiku_gazebo_garden_becter,
          nicolae_ru_awakened_eye, grunt_temple_overflow_open,
          nicolae_shop_overcharged_wands, uniq_duvessa, uniq_sigmund
D:5:      layout_cave_pools, kennysheep_mini_moat, uniq_blork_the_orc,
          uniq_edmund
D:6:      lemuel_ice_spiral_2, layout_rooms, mainiacjoe_overflow_catch_the_wave,
          kennysheep_generic_room_3
D:7:      layout_rooms, amcnicky_altar_gilded, temple_statues, serial_undead,
          serial_undead_c, serial_undead_b, serial_undead_c, serial_undead_b,
          hangedman_decor_growths, chequers_serial_rivers_room_b
D:8:      layout_basic, yredelemnul_altar_generic
D:9:      layout_loops_ring, mainiacjoe_overflow_paths,
          due_lair_maze_entry_diamond, serial_shops, shop_scrolls, minivault_27,
          hive_lemuel, uniq_harold

Skill      XL: |  1  2  3  4  5  6  7  8  9 10 |
---------------+-------------------------------+-----
Maces & Flails | 3 4 6 7 9 10 | 10.2
Armour         | 4 5 6 7 |  7.5
Dodging        | 1 2 3 |  3.8
Fighting       | 4 5 6 |  6.7
Shields        | 4 5 6 |  6.3

Action                     |  1- 3 |  4- 6 |  7- 9 | 10-12 || total
---------------------------+-------+-------+-------+-------++-------
  Melee: Flail             |    97 |   222 |   379 |    55 ||   753
 Invoke: Divine Shield     |       |       |       |     1 ||     1
    Use: Scroll            |     6 |       |     7 |       ||    13
         Potion            |       |       |     1 |       ||     1
 Armour: Scale mail        |    66 |    19 |       |       ||    85
         Plate armour      |       |   190 |   251 |    58 ||   499
  Dodge: Dodged            |    63 |   217 |   276 |    52 ||   608
  Block: Buckler           |    26 |    73 |    93 |    24 ||   216

Table legend: (Time is in decaauts)
 A = Elapsed time spent in this place.
 B = Non-inter-level travel time spent in this place.
 C = Inter-level travel time spent in this place.
 D = Time resting spent in this place.
 E = Time spent auto-exploring this place.
 F = Levels seen in this place.
 G = Mean time per level.
                   A        B        C        D        E       F      G
               +--------+--------+--------+--------+--------+-----+--------+
         Total |   7084 |   7006 |     78 |    675 |   3297 |   9 |  787.1 |
       Dungeon |   7084 |   7006 |     78 |    675 |   3297 |   9 |  787.1 |
               +--------+--------+--------+--------+--------+-----+--------+

Top non-repeatable levels by time:
     D:3: 1540 daAuts
     D:6: 1068 daAuts
     D:2: 1048 daAuts
     D:4: 1030 daAuts
     D:1: 825 daAuts
     D:5: 686 daAuts
     D:7: 628 daAuts
     D:8: 145 daAuts
     D:9: 113 daAuts
